 Dungeon Crawl Stone Soup version 0.30-b1-2-g02819fbbbe (webtiles) character file.

Game seed: 4862010461878349358

47 Mesmaeker13 the Vexing (level 3, -3/27 HPs)
             Began as a Demigod Hexslinger on July 18, 2023.
             Slain by a worm (8 damage)
             ... on level 2 of the Dungeon.
             The game lasted 00:02:46 (1488 turns).

Mesmaeker13 the Vexing (Demigod Hexslinger)         Turns: 1488, Time: 00:02:47

Health: -3/27      AC:  3    Str: 11    XL:     3   Next: 29%
Magic:  7/7        EV: 12    Int: 19    God:
Gold:   128        SH:  0    Dex: 14    Spells: 1/5 levels left

rFire   . . .        a - +1 sling
rCold   . . .        (no shield)
rNeg    . . .        c - +0 robe
rPois   .            (no helmet)
rElec   .            (no cloak)
rCorr   .            s - +0 pair of gloves
SInv    .            (no boots)
Will    .....        (no amulet)
Stlth   +            (no ring)
HPRegen 0.24/turn    (no ring)
MPRegen 0.10/turn

%: no passive effects
@: no status effects
A: high MP 1, forlorn, divine attributes
a: no special abilities


You were on level 2 of the Dungeon.
You visited 1 branch of the dungeon, and saw 2 of its levels.

You collected 128 gold pieces.

Inventory:

Hand Weapons
 a - a +1 sling (weapon)
 d - a +0 falchion
Missiles
 q - 2 poisoned darts
Armour
 c - a +0 robe (worn)
 s - a +0 pair of gloves (worn)
Jewellery
 p - the ring "Useurch" {rN+ Will- Int+6}
   (You found it on level 2 of the Dungeon)

   [ring of positive energy]

   Int:       It affects your intelligence (+6).
   rN:        It protects you from negative energy.
   Will:      It decreases your willpower.
Scrolls
 b - a scroll of poison
 e - a scroll of teleportation
 g - a scroll of immolation {unknown}
 h - a scroll of enchant weapon {unknown}
 i - a scroll of noise {unknown}
 j - a scroll of identify {unknown}
 k - a scroll of summoning {unknown}
 l - a scroll of magic mapping
 n - a scroll of amnesia
 r - a scroll of fog {unknown}
Potions
 f - a potion of attraction {unknown}
 m - 2 potions of resistance {unknown}
 o - 2 potions of mutation {unknown}


   Skills:
 - Level 0.8 Fighting
 + Level 2.3 Ranged Weapons
 + Level 2.3 Dodging
 + Level 1.6 Spellcasting
 + Level 3.1 Hexes
 + Level 0.1 Fire Magic


You had one spell level left.
You knew the following spells:

 Your Spells              Type           Power      Damage    Failure   Level
a - Slow                  Hex            52%        N/A       4%          1
b - Inner Flame           Hex/Fire       7%         N/A       26%         3

Your spell library contained the following spells:

 Spells                   Type           Power      Damage    Failure   Level
 Dazzling Flash           Conj/Hex       14%        N/A       28%         3
 Portal Projectile        Hex/Tloc       14%        N/A       28%         3
 Cause Fear               Hex            6%         N/A       43%         4
 Silence                  Hex/Air        3%         N/A       95%         5
 Agony                    Necr           1%         N/A       99%         5


Dungeon Overview and Level Annotations

Branches:
Dungeon (2/15)


Innate Abilities, Weirdness & Mutations

You have an increased reservoir of magic. (+10% MP)
You shall have no god before yourself.
Your divine heritage dramatically boosts your attributes as you level up.


Message History

You shoot a sling bullet. The sling bullet hits the worm.
The worm is almost dead.
You shoot a sling bullet.
The sling bullet hits the worm but does no damage.
The worm is almost dead.
The worm bites you!
You shoot a sling bullet. The sling bullet hits the worm.
The worm is almost dead.
The worm bites you!
You are too injured to fight recklessly!
You are too injured to fight recklessly!
Unknown command.
Fire: a) +1 sling
Press: ? - help, Q - select action, (/) - cycle Shift-Dir - straight line, f/p - worm
Aim: a worm (almost dead, 77% to hit)
You shoot a sling bullet. The sling bullet hits the worm.
The worm is almost dead.
The worm bites you.
* * * LOW HITPOINT WARNING * * *
Fire: a) +1 sling
Press: ? - help, Q - select action, (/) - cycle Shift-Dir - straight line, f/p - worm
Aim: a worm (almost dead, 77% to hit)
You shoot a sling bullet.
The sling bullet barely misses the worm.
Unknown command.
Fire: a) +1 sling
Press: ? - help, Q - select action, (/) - cycle Shift-Dir - straight line, f/p - worm
Aim: a worm (almost dead, 77% to hit)
You shoot a sling bullet.
The sling bullet hits the worm but does no damage.
The worm is almost dead.
The worm bites you.
* * * LOW HITPOINT WARNING * * *
Fire: a) +1 sling
Press: ? - help, Q - select action, (/) - cycle Shift-Dir - straight line, f/p - worm
Aim: a worm (almost dead, 77% to hit)
You shoot a sling bullet.
The sling bullet barely misses the worm.
The worm bites you!
You die...

####.......##....#...............
.........#.......#...............
.........#.......##..............
...........#.......#.....##......
...................###..########.
........##...##..........####....
........####....##....)...^##....
........# ####........#.........
........# #.@w...............
......(.# ###......######....
##.###### ##.....# #.... ###
#.....# #.... #.....# #....
#.....# ##### #######


You could see a worm.

Vanquished Creatures
  2 worms (D:2)
  A dart slug (D:2)
  3 ball pythons
  4 bats
  3 endoplasms
  A giant cockroach (D:1)
  4 goblins
  3 hobgoblins
  2 jackals (D:1)
  7 kobolds
  6 rats
36 creatures vanquished.

Notes
Turn   | Place    | Note
-------+----------+-------------------------------------------
     0 | D:1      | Mesmaeker13 the Demigod Hexslinger began the quest for the
                  | Orb.
     0 | D:1      | Reached XP level 1. HP: 15/15 MP: 4/4
   225 | D:1      | Reached XP level 2. HP: 22/22 MP: 4/6
   534 | D:1      | Reached skill level 3 in Hexes
   999 | D:2      | Reached XP level 3. HP: 27/27 MP: 7/7
  1003 | D:2      | Learned a level 3 spell: Inner Flame
  1074 | D:2      | Identified the ring "Useurch" {rN+ Will- Int+6}
  1488 | D:2      | Slain by a worm

Illustrated notes

Levels and vault maps discovered:
D:1:      lordsloth_arrival_two_stooges, layout_basic, grunt_decor_arrowhead
D:2:      layout_rooms

Skill      XL: |  1  2 |
---------------+-------+-----
Dodging        | 2 |  2.3
Ranged Weapons | 2 |  2.3
Hexes          | 3 |  3.1
Fighting       | |  0.8
Spellcasting   | |  1.6
Fire Magic     | |  0.1

Action                     || total
---------------------------++-------
   Fire: Sling             ||   127
  Throw: Dart              ||     2
   Cast: Slow              ||     4
    Use: Scroll            ||     3
 Armour: Robe              ||     7
  Dodge: Dodged            ||    16
